Workbook
Name Nombre_entidad_de_búsqueda__ESM: '[1]Validacion Registro Primario'!$M$2:$M$162
Name Tipo_de_selección_del_afiliado: '[1]Validacion Recolecion Informac '!$C$2:$C$3
Name Tipo_ID_afiliado_muestra: '[1]Validacion Registro Primario'!$A$2:$A$6

Sheet Ejemplo Etapa 1
A1: ID | B1: Código usuario | C1: Tipo ID afiliado muestra | D1: Número ID afiliado muestra | E1: Tipo de selección del afiliado | F1: Nombre entidad de búsqueda -ESM | G1: Departamento entidad | H1: Municipio entidad | I1: Fecha búsqueda registro primario | J1: Registro consultado (Fuente de Consulta) | K1: Tipo de registro | L1: Nombre del responsable de la búsqueda | M1: Cargo del responsable de la búsqueda | N1: … | O1: ¿El usuario usó los servicios? | P1: Fuerza del afiliado muestra | Q1: Número de contactos identificados afiliado 2012 | R1: Número de contactos identificados con registro | S1: Fecha de contacto 1 | T1: Número de registro primario a consultar contacto 1 | U1: Tipo de registro | V1: Disponible | W1: Fecha de contacto 2 | X1: Número de registro primario a consultar contacto 2 | Y1: Tipo de registro | Z1: Disponible | AA1: Fecha de contacto 3 | AB1: Número de registro primario a consultar contacto 3 | AC1: Tipo de registro | AD1: Disponible | AE1: Fecha de contacto 4 | AF1: Número de registro primario a consultar contacto 4 | AG1: Disponible | AH1: Fecha de contacto 5 | AI1: Número de registro primario a consultar contacto 5 | AJ1: Disponible
A2: 1 | B2: 48 | C2: CC | D2: 52525252 | E2: O | F2: GMSIL | G2: 15 | H2: 238 | I2: 41685 | J2: HEON | K2: HC | L2: WILFRIDO VARGAS | M2: CANTANTE | O2: SI | P2: ARM | Q2: 3 | S2: 40954 | T2: 52525252 | U2: HC | W2: 41045 | X2: 8956752 | Y2: FA | AA2: 41213 | AB2: 52525252 | AC2: HC

Sheet Ejemplo Etapa 2
A1: ID | B1: Nombre entidad de búsqueda -ESM | C1: Departamento entidad | D1: Municipio entidad | E1: Tipo de red | F1: Código usuario | G1: Tipo ID afiliado muestra | H1: Número ID afiliado muestra | I1: Género del afiliado muestra | J1: Edad del afiliado muestra | K1: Fuerza del afiliado muestra | L1: Categoría del afiliado | M1: Codigo Servicio | N1: Ambito del servicio | O1: Tipo servicio | P1: Nombre del servicio | Q1: Tipo de código | R1: Fecha inicio | S1: Fecha fin | T1: Unidad del servicio | U1: Cantidad de servicios | V1: Valor unitario | W1: Valor total | X1: Diagnóstico principal | Y1: Nombre Diagnostico Principal | Z1: Riesgo diagnóstico principal | AA1: Diagnóstico 2 evento | AB1: Diagnóstico 3 evento | AC1: Diagnóstico 4 evento | AD1: Diagnóstico 5 evento | AE1: Tipo de registro | AF1: Nombre del responsable de la búsqueda | AG1: Cargo del responsable de la búsqueda
A2: 1 | B2: GMSIL | C2: 15 | D2: 238 | E2: INT | F2: 48 | G2: CC | H2: 52525252 | I2: F | J2: 35 | K2: ARM | L2: CI | M2: 890201 | N2: AM | O2: =VLOOKUP($M2,'CUPS_ambito y tipo de servicio'!$A$1:$H$8050,7,0) -> Consulta médica electiva | P2: =VLOOKUP($M2,'CUPS_ambito y tipo de servicio'!$A$1:$H$8050,2,0) -> CONSULTA DE PRIMERA VEZ POR MEDICINA GENERAL | Q2: =VLOOKUP($M2,'CUPS_ambito y tipo de servicio'!$A$1:$H$8050,5,0) -> CUPS | R2: 41045 | S2: 41045 | T2: CON | U2: 1 | V2: 20500 | W2: =+V2*U2 -> 20500 | X2: M792 | Z2: EG
A3: 1 | B3: GMSIL | C3: 15 | D3: 238 | E3: EXT | F3: 48 | G3: CC | H3: 52525252 | I3: F | J3: 35 | K3: ARM | L3: CI | M3: 903843 | N3: AM | O3: =VLOOKUP($M3,'CUPS_ambito y tipo de servicio'!$A$1:$H$8050,7,0) -> Laboratorio clínico | P3: =VLOOKUP($M3,'CUPS_ambito y tipo de servicio'!$A$1:$H$8050,2,0) -> GLUCOSA PRE Y POST PRANDIAL | Q3: =VLOOKUP($M3,'CUPS_ambito y tipo de servicio'!$A$1:$H$8050,5,0) -> CUPS | R3: 41038 | S3: 41038 | T3: EXA | U3: 1 | V3: 11500 | W3: =+V3*U3 -> 11500 | Z3: MAT
A4: 1 | B4: GMSIL | C4: 15 | D4: 238 | E4: EXT | F4: 48 | G4: CC | H4: 52525252 | I4: F | J4: 35 | K4: ARM | L4: CI | M4: 903823 | N4: AM | O4: =VLOOKUP($M4,'CUPS_ambito y tipo de servicio'!$A$1:$H$8050,7,0) -> Laboratorio clínico | P4: =VLOOKUP($M4,'CUPS_ambito y tipo de servicio'!$A$1:$H$8050,2,0) -> CREATININA DEPURACIÓN | Q4: CUPS | R4: 41038 | S4: 41038 | T4: EXA | U4: 1 | V4: 3500 | W4: =+V4*U4 -> 3500 | Z4: EG
A5: 1 | B5: GMSIL | C5: 15 | D5: 238 | E5: EXT | F5: 48 | G5: CC | H5: 52525252 | I5: F | J5: 35 | K5: ARM | L5: CI | M5: 903815 | N5: AM | O5: =VLOOKUP($M5,'CUPS_ambito y tipo de servicio'!$A$1:$H$8050,7,0) -> Laboratorio clínico | P5: =VLOOKUP($M5,'CUPS_ambito y tipo de servicio'!$A$1:$H$8050,2,0) -> COLESTEROL DE ALTA DENSIDAD [HDL] | Q5: CUPS | R5: 41038 | S5: 41038 | T5: EXA | U5: 1 | V5: 4500 | W5: =+V5*U5 -> 4500 | Z5: EG
A6: 1 | B6: GMSIL | C6: 15 | D6: 238 | E6: INT | F6: 48 | G6: CC | H6: 52525252 | I6: F | J6: 35 | K6: ARM | L6: CI | M6: 903816 | N6: AM | O6: =VLOOKUP($M6,'CUPS_ambito y tipo de servicio'!$A$1:$H$8050,7,0) -> Laboratorio clínico | P6: =VLOOKUP($M6,'CUPS_ambito y tipo de servicio'!$A$1:$H$8050,2,0) -> COLESTEROL DE BAJA DENSIDAD [LDL] ENZIMÁTICO | Q6: CUPS | R6: 41038 | S6: 41038 | T6: EXA | U6: 1 | V6: 4500 | W6: =+V6*U6 -> 4500 | Z6: EG
A7: 1 | B7: GMSIL | C7: 15 | D7: 238 | E7: INT | F7: 48 | G7: CC | H7: 52525252 | I7: F | J7: 35 | K7: ARM | L7: CI | M7: 903818 | N7: AM | O7: =VLOOKUP($M7,'CUPS_ambito y tipo de servicio'!$A$1:$H$8050,7,0) -> Laboratorio clínico | P7: =VLOOKUP($M7,'CUPS_ambito y tipo de servicio'!$A$1:$H$8050,2,0) -> COLESTEROL TOTAL | Q7: CUPS | R7: 41038 | S7: 41038 | T7: EXA | U7: 1 | V7: 4500 | W7: =+V7*U7 -> 4500 | Z7: EG
A8: 1 | B8: GMSIL | C8: 15 | D8: 238 | E8: INT | F8: 48 | G8: CC | H8: 52525252 | I8: F | J8: 35 | K8: ARM | L8: CI | M8: 903868 | N8: AM | O8: =VLOOKUP($M8,'CUPS_ambito y tipo de servicio'!$A$1:$H$8050,7,0) -> Laboratorio clínico | P8: =VLOOKUP($M8,'CUPS_ambito y tipo de servicio'!$A$1:$H$8050,2,0) -> TRIGLICÉRIDOS + | Q8: CUPS | R8: 41038 | S8: 41038 | T8: EXA | U8: 1 | V8: 4500 | W8: =+V8*U8 -> 4500 | Z8: EG
A9: 1 | B9: GMSIL | C9: 15 | D9: 238 | E9: INT | F9: 48 | G9: CC | H9: 52525252 | I9: F | J9: 35 | K9: ARM | L9: CI | M9: 906249 | N9: AM | O9: =VLOOKUP($M9,'CUPS_ambito y tipo de servicio'!$A$1:$H$8050,7,0) -> Laboratorio clínico | P9: =VLOOKUP($M9,'CUPS_ambito y tipo de servicio'!$A$1:$H$8050,2,0) -> VIH 1 Y 2, ANTICUERPOS & *+ | Q9: CUPS | R9: 41038 | S9: 41038 | T9: EXA | U9: 1 | V9: 15000 | W9: =+V9*U9 -> 15000 | Z9: EG
A10: 1 | B10: GMSIL | C10: 15 | D10: 238 | E10: INT | F10: 48 | G10: CC | H10: 52525252 | I10: F | J10: 35 | K10: ARM | L10: CI | M10: 902210 | N10: AM | O10: =VLOOKUP($M10,'CUPS_ambito y tipo de servicio'!$A$1:$H$8050,7,0) -> Laboratorio clínico | P10: =VLOOKUP($M10,'CUPS_ambito y tipo de servicio'!$A$1:$H$8050,2,0) -> HEMOGRAMA IV [HEMOGLOBINA, HEMATOCRITO, RECUENTO DE ERITROCITOS, ÍNDICES ERITROCITARIOS, LEUCOGRAMA, RECUENTO DE PLAQUETAS, INDICES PLAQUETARIOS Y MORFOLOGIA ELECTRONICA E HISTOGRAMA] MÉTODO AUTOMÁTICO+ | Q10: CUPS | R10: 41038 | S10: 41038 | T10: EXA | U10: 1 | V10: 3000 | W10: =+V10*U10 -> 3000 | Z10: EG
A11: 1 | B11: GMSIL | C11: 15 | D11: 238 | E11: INT | F11: 48 | G11: CC | H11: 52525252 | I11: F | J11: 35 | K11: ARM | L11: CI | M11: 904902 | N11: AM | O11: =VLOOKUP($M11,'CUPS_ambito y tipo de servicio'!$A$1:$H$8050,7,0) -> Laboratorio clínico | P11: =VLOOKUP($M11,'CUPS_ambito y tipo de servicio'!$A$1:$H$8050,2,0) -> HORMONA ESTIMULANTE DEL TIROIDES [TSH] | Q11: CUPS | R11: 41038 | S11: 41038 | T11: EXA | U11: 1 | V11: 28000 | W11: =+V11*U11 -> 28000 | Z11: EG
A12: 1 | B12: GMSIL | C12: 15 | D12: 238 | E12: INT | F12: 48 | G12: CC | H12: 52525252 | I12: F | J12: 35 | K12: ARM | L12: CI | M12: 881141 | N12: AM | O12: =VLOOKUP($M12,'CUPS_ambito y tipo de servicio'!$A$1:$H$8050,7,0) -> Imágenes | P12: =VLOOKUP($M12,'CUPS_ambito y tipo de servicio'!$A$1:$H$8050,2,0) -> ULTRASONOGRAFIA DIAGNOSTICA DE TIROIDES CON TRANSDUCTOR DE 7 MHZ O MAS | Q12: CUPS | R12: 41038 | S12: 41038 | T12: EXA | U12: 1 | V12: 78000 | W12: =+V12*U12 -> 78000 | Z12: EG
A13: 1 | B13: GMSIL | C13: 15 | D13: 238 | E13: INT | F13: 48 | G13: CC | H13: 52525252 | I13: F | J13: 35 | K13: ARM | L13: CI | M13: 950601 | N13: AM | O13: =VLOOKUP($M13,'CUPS_ambito y tipo de servicio'!$A$1:$H$8050,7,0) -> Procedimientos diagnósticos y terapéuticos | P13: =VLOOKUP($M13,'CUPS_ambito y tipo de servicio'!$A$1:$H$8050,2,0) -> MEDICION DE AGUDEZA VISUAL § | Q13: CUPS | R13: 41049 | S13: 41049 | T13: EXA | U13: 1 | V13: 12000 | W13: =+V13*U13 -> 12000 | Z13: EG

Sheet R. primario y reemplazo muestra
A1: Nombre del campo | B1: Definición | C1: Caracteres | D1: Tipo de variable | E1: Valores permitidos
A2: Código usuario | B2: Se registra el código anonimizado del usuario, asignado porla DGSM | C2: 6 | D2: Alfanumérico | E2: Números del 000001 al 800000
A3: Tipo ID afiliado muestra | B3: Se registra el código del tipo de identificación del afiliado de acuerdo con los valores permitidos | C3: 2 | D3: Alfanumérico | E3: TI=Tarjeta Identidad, CC=Cédula de Ciudadanía, CE=Cédula Extranjería, PA=Pasaporte, RC=Registro Civil, NU=Número Único de Identificación Personal
A4: Número ID afiliado muestra | B4: Se registra el número de identificación del afiliado de acuerdo con los valores permitidos | C4: 20 | D4: Alfanumérico | E4: Número sin guiones espacios punto ni comas de la identificaicón del usuario
A5: Tipo de selección del afiliado | B5: Se registra el código de acuerdo a si el paciente pertenecía al listado original o es un reemplazo, de acuerdo con los valores permitidos | C5: 1 | D5: Alfanumérico | E5: O: original; R: reemplazo
A6: Código entidad de búsqueda | B6: Se registra el código del establecimiento de sanidad o de la división administrativa que realiza la búsqueda de las prestaciones de salud al afiliado | C6: 12 | D6: Alfanumérico | E6: Códigos estandarizados de la DGSM
A7: Nombre entidad de búsqueda | B7: Se registra el nombre del establecimiento de sanidad o de la división administrativa que realiza la búsqueda de las prestaciones de salud al afiliado | C7: 80 | D7: Alfanumérico | E7: Mayúsculas, sin tildes, ni comas, ni punto y comas
A8: Departamento entidad | B8: Se registra el código del departamento en 5 dígitos en donde está operando institución que hace la búsqueda, según la división político administrativa – DANE. | C8: 2 | D8: Alfanumérico | E8: Según la división político administrativa – DANE.
A9: Municipio entidad | B9: Se registra el código del municipio en 5 dígitos en donde está operando institución que hace la búsqueda, según la división político administrativa – DANE. | C9: 3 | D9: Alfanumérico | E9: Según la división político administrativa – DANE.
A10: Fecha búsqueda registro primario | B10: Se registra la fecha en la cual se realiza la búsqueda para definir si el afiliado utilizó algún servicio de salud en 2012 | C10: 10 | D10: Fecha | E10: dd/mm/aaaa
A11: Registro consultado | B11: Se registra el nombre del registro consultado | C11: 80 | D11: Alfanumérico | E11: Mayúsculas, sin tildes, ni comas, ni punto y comas
A12: Tipo de registro | B12: Se registra el código de la fuente de información consultada | C12: 3 | D12: Alfanumérico | E12: AG: registros de citas cumplidas o agendas; HC: historia clínica; FA: factura; RI: RIPS; CM: Cuentas médicas; CO: Registros de seguimiento a contratos
A13: Nombre del responsable de la búsqueda | B13: Se registra el nombre de la persona que realiza la búsqueda | C13: 80 | D13: Alfanumérico | E13: Mayúsculas, sin tildes, ni comas, ni punto y comas
... A19: Fecha de contacto 1 | B19: Se registra la fecha en la cual aparece el primer contacto del afiliado con los servicios de salud | C19: 10 | D19: Fecha | E19: dd/mm/aaaa
A20: Número de registro primario a consultar contacto 1 | B20: Se registra el número de la historia clínica o factura correspondiente el primer contacto | C20: 20 | D20: Alfanumérico
A21: Disponible | B21: Se registra si, si se encontró el registro (Historia clínica HC o Factura: FC) del contacto identificado | C21: 2 | D21: Alfanumérico | E21: SI: Para los casos en los que se encuentra la fuente primaria del servicios de salud; No: Para los casos en los que no se encuentra la fuente primaria del servicios de salud
A22: Fecha de contacto 2 | B22: Se registra la fecha en la cual aparece el segundo contacto del afiliado con los servicios de salud | C22: 10 | D22: Fecha | E22: dd/mm/aaaa
A23: Número de registro primario a consultar contacto 2 | B23: Se registra el número de la historia clínica o factura correspondiente la segunda contacto | C23: 20 | D23: Alfanumérico
A24: Disponible | B24: Se registra si, si se encontró el registro (HC o FA) del contacto identificado | C24: 2 | D24: Alfanumérico | E24: SI: Para los casos en los que se encuentra la fuente primaria del servicios de salud; No: Para los casos en los que no se encuentra la fuente primaria del servicios de salud
A25: Fecha de contacto 3 | B25: Se registra la fecha en la cual aparece el tercer contacto del afiliado con los servicios de salud | C25: 10 | D25: Fecha | E25: dd/mm/aaaa
A26: Número de registro primario a consultar contacto 3 | B26: Se registra el número de la historia clínica o factura correspondiente el tercer contacto | C26: 20 | D26: Alfanumérico
A27: Disponible | B27: Se registra si, si se encontró el registro (HC o FA) del contacto identificado | C27: 2 | D27: Alfanumérico | E27: SI: Para los casos en los que se encuentra la fuente primaria del servicios de salud; No: Para los casos en los que no se encuentra la fuente primaria del servicios de salud
A28: Fecha de contacto 4 | B28: Se registra la fecha en la cual aparece el cuarto contacto del afiliado con los servicios de salud | C28: 10 | D28: Fecha | E28: dd/mm/aaaa
A29: Número de registro primario a consultar contacto 4 | B29: Se registra el número de la historia clínica o factura correspondiente el cuarto contacto | C29: 20 | D29: Alfanumérico
A30: Disponible | B30: Se registra si, si se encontró el registro (HC o FA) del contacto identificado | C30: 2 | D30: Alfanumérico | E30: SI: Para los casos en los que se encuentra la fuente primaria del servicios de salud; No: Para los casos en los que no se encuentra la fuente primaria del servicios de salud
A31: Fecha de contacto 5 | B31: Se registra la fecha en la cual aparece el quinto contacto del afiliado con los servicios de salud | C31: 10 | D31: Fecha | E31: dd/mm/aaaa
A32: Número de registro primario a consultar contacto 5 | B32: Se registra el número de la historia clínica o factura correspondiente el quinto contacto | C32: 20 | D32: Alfanumérico
A33: Disponible | B33: Se registra si, si se encontró el registro (HC o FA) del contacto identificado | C33: 2 | D33: Alfanumérico | E33: SI: Para los casos en los que se encuentra la fuente primaria del servicios de salud; No: Para los casos en los que no se encuentra la fuente primaria del servicios de salud
A34: Se deben agregar las fechas de contacto y números de registros con su respectiva clasificaicón de disponibilidad para el número de contactos identificado en el archivo anterior que se hallan marcado con un consecutivo 6, 7, y así sucesivamente.

Sheet Recolección de información
A1: Nombre del campo | B1: Definición | C1: Caracteres | D1: Tipo de variable | E1: Valores permitidos
A2: Código entidad de búsqueda | B2: Se registra el código del establecimiento de sanidad o de la división administrativa que realiza la búsqueda de las prestaciones de salud al afiliado | C2: 12 | D2: Alfanumérico | E2: Códigos estandarizados de la DGSM
A3: Nombre entidad de búsqueda | B3: Se registra el nombre del establecimiento de sanidad o de la división administrativa que realiza la búsqueda de las prestaciones de salud al afiliado | C3: 80 | D3: Alfanumérico | E3: Mayúsculas, sin tildes, ni comas, ni punto y comas
A4: Departamento entidad | B4: Se registra el código del departamento en 5 dígitos en donde está operando institución que hace la búsqueda, según la división político administrativa – DANE. | C4: 2 | D4: Alfanumérico | E4: Según la división político administrativa – DANE, ver anexo
A5: Municipio entidad | B5: Se registra el código del municipio en 5 dígitos en donde está operando institución que hace la búsqueda, según la división político administrativa – DANE. | C5: 3 | D5: Alfanumérico | E5: Según la división político administrativa – DANE, ver anexo
A6: Tipo de red | B6: Se registra el tipo de red si es interna, externa, homic, otra | C6: 3 | D6: Alfanumérico | E6: INT: Interna; EXT: Externa no HMC; HMC: Hospital Militar Central; OTR: Otra
A7: Código usuario | B7: Se registra el código anonimizado del usuario, asignado porla DGSM | C7: 6 | D7: Alfanumérico | E7: Números del 000001 al 800000
A8: Tipo ID afiliado muestra | B8: Se registra el código del tipo de identificación del afiliado de la muestra acuerdo con los valores permitidos | C8: 2 | D8: Alfanumérico | E8: TI=Tarjeta Identidad, CC=Cédula de Ciudadanía, CE=Cédula Extranjería, PA=Pasaporte, RC=Registro Civil, NU=Número Único de Identificación Personal
A9: Número ID afiliado muestra | B9: Se registra el número de identificación del afiliado de la muestra de acuerdo con los valores permitidos | C9: 20 | D9: Alfanumérico | E9: Número sin guiones espacios punto ni comas de la identificaicón del usuario
A10: Género del afiliado muestra | B10: Se registra el código que corresponsa de acuerdo con el género del afiliado | C10: 1 | D10: Alfanumérico | E10: M=Masculino F=Femenino S=Sin dato
A11: Edad del afiliado muestra | B11: Se registra la edad del afiliado a 31 de diciembre de 2012 | C11: 3 | D11: Numérico | E11: Valor entero, aproximado al número inferior reportado por el usuario entre 0 y 120. Se debe registrar 120 para los usuarios iguales o mayores. Se debe registrar 999 para los usuarios a los que no se conoce la edad
A12: Fuerza del afiliado muestra | B12: Se registra el código de la Fuerza a la cual pertenece el afiliado | C12: 3 | D12: Alfanumérico | E12: EJN=Ejército nacional; FAC= Fuerza aérea; ARM= Armada; HMC=Hopital militar central; SIN= en caso que se desconozca
A13: Categoría del afiliado | B13: Se registra la categoría del afiliado según su vinculación al SGSM | C13: 3 | D13: Alfanumérico | E13: AL: Alumno, BE: Beneficiario, CI: Civil; OF: Oficial, PE: Pensionado, RE: Retirado, SO: Soldado, SP: Soldado Profesional Suboficial, SD: Sin dato
... A23: Valor unitario | B23: Se registra el valor unitario de la unidad de servicio | C23: 11 | D23: Numérico | E23: Valor entero, aproximado al número inferior reportado por el usuario entre 1 y 99999999999. Se debe registrar 99999999999 para cantidades iguales o mayores. Se debe registrar 0 para atenciones en las cuáles no se conoce el valor unitario
A24: Valor total | B24: Se registra el valor total de todas las unidades de servicios entregadas | C24: 11 | D24: Numérico | E24: Valor entero, aproximado al número inferior reportado por el usuario entre 1 y 99999999999. Se debe registrar 99999999999 para cantidades iguales o mayores. Se debe registrar 0 para atenciones en las cuáles no se conoce el valor unitario | F24: 3
A25: Diagnóstico principal | B25: Se registra el código CIE X del diagnóstico principal que causa la atención | C25: 6 | D25: Alfanumérico | E25: Ver listado CIE X
A26: Riesgo diagnóstico principal | B26: Se registra el código del riesgo que originó la atención, relacionado con el código diagnóstico principal | C26: 2 | D26: Alfanumérico | E26: PP: para actividades preventivas; MD: maternidad; EG: para enfermedad general que no sea mat o prev; OP: operacional; AT: accidente de trabajo no operacional, TR: accidente de tránsito no laboral | F26: 3
A27: Diagnóstico 2 evento | B27: Se registra el código CIE X del diagnóstico adicional 1 relacionado con la atención | C27: 6 | D27: Alfanumérico | E27: Ver listado CIE X, registrar 000000 cuando no hay sino un diagnóstico | F27: 3
A28: Diagnóstico 3 evento | B28: Se registra el código CIE X del diagnóstico adicional 2 relacionado con la atención | C28: 6 | D28: Alfanumérico | E28: Ver listado CIE X, registrar 000000 cuando no hay otro diagnóstico adicional | F28: 3
A29: Diagnóstico 4 evento | B29: Se registra el código CIE X del diagnóstico adicional 3 relacionado con la atención | C29: 6 | D29: Alfanumérico | E29: Ver listado CIE X, registrar 000000 cuando no hay otro diagnóstico adicional | F29: 3
A30: Diagnóstico 5 evento | B30: Se registra el código CIE X del diagnóstico adicional 4 relacionado con la atención | C30: 6 | D30: Alfanumérico | E30: Ver listado CIE X, registrar 000000 cuando no hay otro diagnóstico adicional
A31: Tipo de registro | B31: Se registra el código de la fuente de información consultada | C31: 3 | D31: Alfanumérico | E31: HC: historia clínica; FA: factura; RI: RIPS; CM: Cuentas médicas; CO: Registros de seguimiento a contratos
A32: Nombre del responsable de la búsqueda | B32: Se registra el nombre de la persona que realiza la búsqueda | C32: 80 | D32: Alfanumérico | E32: Mayúsculas, sin tildes, ni comas, ni punto y comas
A33: Cargo del responsable de la búsqueda | B33: Se registra el cargo de la persona que realiza la búsqueda | C33: 80 | D33: Alfanumérico | E33: Mayúsculas, sin tildes, ni comas, ni punto y comas

Sheet CUPS_ambito y tipo de servicio
A1: MPS_CUPS | B1: Descripcion | C1: GrupoQx 09 | D1: Nivel | E1: TipoCodificacion | F1: Ambito | G1: Tipo de servicio | H1: Incluye
A2: 401101 | B2: BIOPSIA DE GANGLIO LINFATICO SUPERFICIAL | C2: 4 | D2: 2 | E2: CUPS | F2: Ambulatorio | G2: Procedimientos diagnósticos y terapéuticos | H2: Procedimientos diagnósticos y terapéuticos
A3: 401102 | B3: BIOPSIA DE GANGLIO LINFATICO PROFUNDO + | C3: 7 | D3: 2 | E3: CUPS | F3: Ambulatorio | G3: Procedimientos diagnósticos y terapéuticos | H3: Procedimientos diagnósticos y terapéuticos
A4: 402100 | B4: ESCISIÓN DE GANGLIO LINFATICO CERVICAL PROFUNDO SOD | C4: 7 | D4: 3 | E4: CUPS | F4: Ambulatorio | G4: Procedimientos diagnósticos y terapéuticos | H4: Procedimientos diagnósticos y terapéuticos
A5: 402200 | B5: ESCISIÓN DE GANGLIO LINFATICO MAMARIO INTERNO SOD | C5: 7 | D5: 3 | E5: CUPS | F5: Ambulatorio | G5: Procedimientos diagnósticos y terapéuticos | H5: Procedimientos diagnósticos y terapéuticos
A6: 402300 | B6: ESCISIÓN DE GANGLIO LINFATICO AXILAR SOD | C6: 4 | D6: 3 | E6: CUPS | F6: Hospitalario | G6: Cirugía | H6: Cirugía
A7: 402400 | B7: ESCISIÓN DE GANGLIO LINFATICO INGUINAL SOD | C7: 4 | D7: 3 | E7: CUPS | F7: Hospitalario | G7: Cirugía | H7: Cirugía
A8: 402500 | B8: ESCISIÓN DE HIGROMA QUISTICO DE CUELLO SOD | C8: 12 | D8: 3 | E8: CUPS | F8: Hospitalario | G8: Cirugía | H8: Cirugía
A9: 402600 | B9: ESCISIÓN DE LINFANGIOMA DE CUELLO SOD | C9: 12 | D9: 3 | E9: CUPS | F9: Hospitalario | G9: Cirugía | H9: Cirugía
A10: 403000 | B10: ESCISIÓN DE GANGLIO LINFATICO REGIONAL EXTENDIDA AL AREA DE DRENAJE LINFATICO, INCLUSO PIEL Y TEJIDO CELULAR SUBCUTANEO SOD | C10: 12 | D10: 3 | E10: CUPS | F10: Hospitalario | G10: Cirugía | H10: Cirugía
A11: 404100 | B11: VACIAMIENTO LINFATICO RADICAL DE CUELLO, UNILATERAL SOD | C11: 12 | D11: 3 | E11: CUPS | F11: Hospitalario | G11: Cirugía | H11: Cirugía
A12: 404200 | B12: VACIAMIENTO LINFATICO RADICAL DE CUELLO, BILATERAL SOD | C12: 12 | D12: 3 | E12: CUPS | F12: Hospitalario | G12: Cirugía | H12: Cirugía
A13: 404301 | B13: VACIAMIENTO LINFATICO RADICAL MODIFICADO DE CUELLO, UNILATERAL | C13: 11 | D13: 3 | E13: CUPS | F13: Hospitalario | G13: Cirugía | H13: Cirugía
... A260: 467903 | B260: ANASTOMOSIS ILEO-COLICA LATEROLATERAL POR AGANGLIOSIS | C260: 9 | D260: 3 | E260: CUPS | F260: Hospitalario | G260: Cirugía | H260: Cirugía
A261: 468000 | B261: CORRECCIÓN DE MALROTACION INTESTINAL SOD + | C261: 7 | D261: 3 | E261: CUPS | F261: Hospitalario | G261: Cirugía | H261: Cirugía
A262: 468011 | B262: REDUCCIÓN INTESTINAL SIN RESECCIÓN INTESTINAL POR LAPAROTOMÍA + | C262: 7 | D262: 2 | E262: CUPS | F262: Hospitalario | G262: Cirugía | H262: Cirugía
A263: 468012 | B263: REDUCCIÓN INTESTINAL CON RESECCIÓN INTESTINAL POR LAPAROTOMÍA + | C263: 7 | D263: 3 | E263: CUPS | F263: Hospitalario | G263: Cirugía | H263: Cirugía
A264: 468020 | B264: DESCOMPRESION ENDOSCÓPICA DE DILATACIÓN AGUDA DE COLON (OGILVIE) + | C264: 0 | D264: 2 | E264: CUPS | F264: Ambulatorio | G264: Procedimientos diagnósticos y terapéuticos | H264: Procedimientos diagnósticos y terapéuticos
A265: 468021 | B265: DESCOMPRESION ENDOSCÓPICA DE VÓLVULO DE COLON (SIGMOIDE) + | C265: 0 | D265: 2 | E265: CUPS | F265: Ambulatorio | G265: Procedimientos diagnósticos y terapéuticos | H265: Procedimientos diagnósticos y terapéuticos
A266: 468101 | B266: DESPLAZAMIENTO DE CONTENIDO INTESTINAL POR LAPAROTOMÍA | C266: 11 | D266: 0 | E266: CUPS | F266: Hospitalario | G266: Cirugía | H266: Cirugía
A267: 468102 | B267: DESPLAZAMIENTO DE CONTENIDO INTESTINAL POR ENDOSCOPIA | C267: 0 | D267: 2 | E267: CUPS | F267: Ambulatorio | G267: Procedimientos diagnósticos y terapéuticos | H267: Procedimientos diagnósticos y terapéuticos
A268: 468500 | B268: DILATACIÓN DE INTESTINO SOD | C268: 4 | D268: 0 | E268: CUPS | F268: Hospitalario | G268: Cirugía | H268: Cirugía
A269: 468501 | B269: DILATACIÓN NEUMATICA DEL COLON POR COLONOSCOPIA | C269: 0 | D269: 3 | E269: CUPS | F269: Ambulatorio | G269: Procedimientos diagnósticos y terapéuticos | H269: Procedimientos diagnósticos y terapéuticos
A270: 468601 | B270: LIBERACIÓN DE ADHERENCIAS O BRIDAS EN INTESTINO POR LAPAROTOMIA | C270: 8 | D270: 3 | E270: CUPS | F270: Hospitalario | G270: Cirugía | H270: Cirugía
A271: 468602 | B271: LIBERACIÓN DE ADHERENCIAS O BRIDAS EN INTESTINO POR LAPAROSCOPIA | C271: 0 | D271: 2 | E271: CUPS | F271: Ambulatorio | G271: Procedimientos diagnósticos y terapéuticos | H271: Procedimientos diagnósticos y terapéuticos
A272: 469100 | B272: MIOTOMIA DEL COLON SIGMOIDEO SOD | C272: 12 | D272: 0 | E272: CUPS | F272: Hospitalario | G272: Cirugía | H272: Cirugía
A273: 469200 | B273: MIOTOMIA DE OTRAS PARTES DEL COLON SOD | C273: 12 | D273: 0 | E273: CUPS | F273: Hospitalario | G273: Cirugía | H273: Cirugía
... A367: 497401 | B367: TRANSPOSICIÓN DEL MUSCULO RECTO INTERNO PARA INCONTINENCIA ANAL, VÍA SAGITAL POSTERIOR + | C367: 12 | D367: 3 | E367: CUPS | F367: Hospitalario | G367: Cirugía | H367: Cirugía
A368: 497500 | B368: PLASTIA DE ANO SOD § | C368: 12 | D368: 3 | E368: CUPS | F368: Hospitalario | G368: Cirugía | H368: Cirugía
A369: 497501 | B369: CONSTRUCCIÓN DE ANO, POR AGENESIA CONGÉNITA | C369: 0 | D369: 3 | E369: CUPS | F369: Alto costo | G369: Cirugías Alto Costo | H369: Cirugía para corrección de malformaciones congénitas incluye UCI
A370: 497502 | B370: RECONSTRUCCIÓN DE ANO, POR ATRESIA ANAL | C370: 12 | D370: 3 | E370: CUPS | F370: Hospitalario | G370: Cirugía | H370: Cirugía
A371: 497503 | B371: ESFINTEROPLASTIA ANAL | C371: 12 | D371: 3 | E371: CUPS | F371: Hospitalario | G371: Cirugía | H371: Cirugía
A372: 497504 | B372: ANOPLASTIA POR ESTENOSIS | C372: 12 | D372: 3 | E372: CUPS | F372: Hospitalario | G372: Cirugía | H372: Cirugía
A373: 497505 | B373: CORRECCIÓN DE ANO IMPERFORADO Y FÍSTULA RECTO-VAGINAL | C373: 12 | D373: 3 | E373: CUPS | F373: Hospitalario | G373: Cirugía | H373: Cirugía
A374: 497506 | B374: CORRECCIÓN DE ANO IMPERFORADO Y FÍSTULA RECTO-VESICAL, VÍA SAGITAL POSTERIOR | C374: 12 | D374: 3 | E374: CUPS | F374: Hospitalario | G374: Cirugía | H374: Cirugía
A375: 497507 | B375: CORRECCIÓN DE ANO IMPERFORADO Y FÍSTULA RECTO-VESICAL, VÍA COMBINADA | C375: 12 | D375: 3 | E375: CUPS | F375: Hospitalario | G375: Cirugía | H375: Cirugía
A376: 497508 | B376: CORRECCIÓN DE ANO IMPERFORADO Y FÍSTULA RECTO-URETRAL | C376: 12 | D376: 3 | E376: CUPS | F376: Hospitalario | G376: Cirugía | H376: Cirugía
A377: 499100 | B377: INCISIÓN DE TABIQUE ANAL SOD | C377: 12 | D377: 2 | E377: CUPS | F377: Hospitalario | G377: Cirugía | H377: Cirugía
A378: 499200 | B378: INSERCIÓN SUBCUTANEA DE ESTIMULADOR ANAL ELECTRICO SOD | C378: 8 | D378: 0 | E378: CUPS | F378: Hospitalario | G378: Cirugía | H378: Cirugía
A379: 499400 | B379: REDUCCIÓN DE PROLAPSO ANAL SOD | C379: 7 | D379: 3 | E379: CUPS | F379: Hospitalario | G379: Cirugía | H379: Cirugía
A380: 499500 | B380: CONTROL DE HEMORRAGIA (POSOPERATORIA) DE ANO SOD | C380: 12 | D380: 2 | E380: CUPS | F380: Hospitalario | G380: Cirugía | H380: Cirugía
... A394: 502401 | B394: CAUTERIZACIÓN DE LESIÓN HEPATICA | C394: 11 | D394: 0 | E394: CUPS | F394: Hospitalario | G394: Cirugía | H394: Cirugía
A395: 502402 | B395: ENUCLEACION DE LESIÓN HEPATICA | C395: 12 | D395: 3 | E395: CUPS | F395: Hospitalario | G395: Cirugía | H395: Cirugía
A396: 503100 | B396: LOBECTOMIA HEPATICA SOD | C396: 12 | D396: 3 | E396: CUPS | F396: Alto costo | G396: Trasplantes | H396: Trasplantes
A397: 503110 | B397: LOBECTOMIA HEPATICA DERECHA O IZQUIERDA DE DONANTE | C397: 12 | D397: 3 | E397: CUPS | F397: Alto costo | G397: Trasplantes | H397: Trasplantes
A398: 503190 | B398: OTRAS LOBECTOMIAS HEPATICAS Incluye LOBECTOMIA HEPATICA TOTAL DERECHA O IZQUIERDA CON EXTRIPACION PARCIAL DE OTRO LOBULO | C398: 12 | D398: 3 | E398: CUPS | F398: Alto costo | G398: Trasplantes | H398: Trasplantes
A399: 504000 | B399: HEPATECTOMÍA TOTAL (OBTENCIÓN DE ORGANO) SOD | C399: 23 | D399: 3 | E399: CUPS | F399: Hospitalario | G399: Cirugía | H399: Cirugía
A400: 504100 | B400: HEPATECTOMIA TOTAL (OBTENCION DE ORGANO) CON CIRUGIA DE BANCO SOD | C400: 0 | D400: 3 | E400: CUPS | F400: Alto costo | G400: Trasplantes | H400: Trasplantes
A401: 504101 | B401: HEPATECTOMIA TOTAL (OBTENCION DE ORGANO) CON CIRUGIA DE BANCO REDUCCION ANATOMICA | C401: 0 | D401: 3 | E401: CUPS | F401: Alto costo | G401: Trasplantes | H401: Trasplantes
A402: 504102 | B402: HEPATECTOMIA TOTAL (OBTENCION DE ORGANO) CON CIRUGIA DE BANCO DIVISION ANATOMICA | C402: 0 | D402: 3 | E402: CUPS | F402: Alto costo | G402: Trasplantes | H402: Trasplantes
A403: 505100 | B403: TRASPLANTE AUXILIAR DE HIGADO SOD | C403: 0 | D403: 3 | E403: CUPS | F403: Alto costo | G403: Trasplantes | H403: Trasplantes
A404: 505200 | B404: TRASPLANTE AUXILIAR [HETEROTOPICO] DE HIGADO CON CIRUGIA DE BANCO SOD | C404: 0 | D404: 3 | E404: CUPS | F404: Alto costo | G404: Trasplantes | H404: Trasplantes
A405: 505201 | B405: TRASPLANTE AUXILIAR [HETEROTOPICO] DE HIGADO CON CIRUGIA DE BANCO REDUCCION ANATOMICA | C405: 0 | D405: 3 | E405: CUPS | F405: Alto costo | G405: Trasplantes | H405: Trasplantes
A406: 505202 | B406: TRASPLANTE AUXILIAR [HETEROTOPI CO] DE HIGADO CON CIRUGIA DE BANCO DIVISION ANATOMICA | C406: 0 | D406: 3 | E406: CUPS | F406: Alto costo | G406: Trasplantes | H406: Trasplantes
A407: 505300 | B407: TRASPLANTE ORTOTOPICO DE HIGADO SIN CIRUGIA DE BANCO SOD | C407: 23 | D407: 3 | E407: CUPS | F407: Hospitalario | G407: Cirugía | H407: Cirugía
A408: 505400 | B408: TRASPLANTE ORTOTOPICO DE HIGADO CON CIRUGIA DE BANCO SOD | C408: 0 | D408: 3 | E408: CUPS | F408: Alto costo | G408: Trasplantes | H408: Trasplantes
A409: 505401 | B409: TRASPLANTE ORTOTOPICO DE HIGADO CON CIRUGIA DE BANCO | C409: 0 | D409: 3 | E409: CUPS | F409: Alto costo | G409: Trasplantes | H409: Trasplantes
A410: 505402 | B410: TRASPLANTE ORTOTOPICO DE HIGADO CON CIRUGIA DE BANCO DIVISION ANATOMICA | C410: 0 | D410: 3 | E410: CUPS | F410: Alto costo | G410: Trasplantes | H410: Trasplantes
A411: 505900 | B411: OTRO TRASPLANTE DE HIGADO SOD | C411: 0 | D411: 3 | E411: CUPS | F411: Alto costo | G411: Trasplantes | H411: Trasplantes
A412: 506101 | B412: HEPATORRAFIA SIMPLE | C412: 9 | D412: 3 | E412: CUPS | F412: Hospitalario | G412: Cirugía | H412: Cirugía
A413: 506102 | B413: HEPATORRAFIA MÚLTIPLE CON DESBRIDAMIENTO Y HEMOSTASIS | C413: 10 | D413: 3 | E413: CUPS | F413: Hospitalario | G413: Cirugía | H413: Cirugía
A414: 506200 | B414: HEPATOPEXIA SOD | C414: 20 | D414: 0 | E414: CUPS | F414: Hospitalario | G414: Cirugía | H414: Cirugía
A415: 509100 | B415: ASPIRACION PERCUTÁNEA DE HIGADO SOD | C415: 0 | D415: 3 | E415: CUPS | F415: Hospitalario | G415: Cirugía | H415: Cirugía
A416: 509200 | B416: ASISTENCIA HEPATICA EXTRACORPOREA SOD | C416: 0 | D416: 0 | E416: CUPS | F416: Ambulatorio | G416: Procedimientos diagnósticos y terapéuticos | H416: Procedimientos diagnósticos y terapéuticos
... A554: 542301 | B554: BIOPSIA ABIERTA DE PERITONEO (MESENTERIO Y OMENTO) + | C554: 8 | D554: 3 | E554: CUPS | F554: Ambulatorio | G554: Procedimientos diagnósticos y terapéuticos | H554: Procedimientos diagnósticos y terapéuticos
A555: 542400 | B555: BIOPSIA CERRADA [PERCUTÁNEA] [CON AGUJA] DE MASA INTRAABDOMINAL SOD + | C555: 7 | D555: 3 | E555: CUPS | F555: Ambulatorio | G555: Procedimientos diagnósticos y terapéuticos | H555: Procedimientos diagnósticos y terapéuticos
A556: 542500 | B556: LAVADO PERITONEAL DIAGNOSTICO SOD + | C556: 0 | D556: 2 | E556: CUPS | F556: Hospitalario | G556: Cirugía | H556: Cirugía
A557: 542700 | B557: PARACENTESIS ABDOMINAL DIAGNOSTICA SOD | C557: 0 | D557: 2 | E557: CUPS | F557: Ambulatorio | G557: Procedimientos diagnósticos y terapéuticos | H557: Procedimientos diagnósticos y terapéuticos
A558: 543100 | B558: ESCISIÓN DE TUMOR BENIGNO EN LA PARED ABDOMINAL SOD | C558: 3 | D558: 2 | E558: CUPS | F558: Hospitalario | G558: Cirugía | H558: Cirugía
A559: 543200 | B559: RESECCIÓN DE TUMOR MALIGNO DE LA PARED ABDOMINAL SOD | C559: 4 | D559: 3 | E559: CUPS | F559: Hospitalario | G559: Cirugía | H559: Cirugía
A560: 543300 | B560: ESCISIÓN DE LESIÓN AMPLIA EN LA PARED ABDOMINAL SOD § | C560: 6 | D560: 0 | E560: CUPS | F560: Hospitalario | G560: Cirugía | H560: Cirugía
A561: 543301 | B561: ESCISIÓN DE LESIÓN AMPLIA EN LA PARED ABDOMINAL CON ROTACIÓN DE COLGAJO | C561: 5 | D561: 3 | E561: CUPS | F561: Hospitalario | G561: Cirugía | H561: Cirugía
A562: 543302 | B562: ESCISIÓN DE LESIÓN AMPLIA EN LA PARED ABDOMINAL CON PROTESIS | C562: 4 | D562: 2 | E562: CUPS | F562: Hospitalario | G562: Cirugía | H562: Cirugía
A563: 544100 | B563: OMENTECTOMÍA SOD § | C563: 8 | D563: 3 | E563: CUPS | F563: Hospitalario | G563: Cirugía | H563: Cirugía
A564: 544101 | B564: OMENTECTOMÍA PARCIAL | C564: 8 | D564: 3 | E564: CUPS | F564: Hospitalario | G564: Cirugía | H564: Cirugía
A565: 544102 | B565: OMENTECTOMÍA TOTAL | C565: 8 | D565: 3 | E565: CUPS | F565: Hospitalario | G565: Cirugía | H565: Cirugía
A566: 544200 | B566: ONFALECTOMÍA SOD | C566: 12 | D566: 2 | E566: CUPS | F566: Hospitalario | G566: Cirugía | H566: Cirugía
A567: 545000 | B567: LISIS DE ADHERENCIAS PERITONEALES POR LAPAROTOMIA SOD | C567: 8 | D567: 3 | E567: CUPS | F567: Hospitalario | G567: Cirugía | H567: Cirugía
... A592: 549700 | B592: INYECCCION DE SUSTANCIA TERAPEUTICA DE ACCION LOCAL EN CAVIDAD PERITONEAL SOD | C592: 0 | D592: 3 | E592: CUPS | F592: Ambulatorio | G592: Procedimientos diagnósticos y terapéuticos | H592: Procedimientos diagnósticos y terapéuticos
A593: 549800 | B593: DIALISIS PERITONEAL SOD § | C593: 0 | D593: 3 | E593: CUPS | F593: Alto costo | G593: Diálisis y hemodiálisis (excluye diálisis intrahospitalaria) | H593: Diálisis y hemodiálisis (excluye diálisis intrahospitalaria)
A594: 549801 | B594: DIALISIS PERITONEAL MANUAL | C594: 0 | D594: 3 | E594: CUPS | F594: Alto costo | G594: Diálisis y hemodiálisis (excluye diálisis intrahospitalaria) | H594: Diálisis y hemodiálisis (excluye diálisis intrahospitalaria)
A595: 549802 | B595: DIALISIS PERITONEAL AUTOMATIZADA | C595: 0 | D595: 3 | E595: CUPS | F595: Alto costo | G595: Diálisis y hemodiálisis (excluye diálisis intrahospitalaria) | H595: Diálisis y hemodiálisis (excluye diálisis intrahospitalaria)
A596: 550101 | B596: MARSUPIALIZACIÓN DE QUISTE RENAL POR NEFROTOMÍA POR VÍA ABIERTA | C596: 10 | D596: 3 | E596: CUPS | F596: Hospitalario | G596: Cirugía | H596: Cirugía
A597: 550102 | B597: EXPLORACIÓN DE RIÑÓN POR NEFROTOMÍA | C597: 11 | D597: 0 | E597: CUPS | F597: Hospitalario | G597: Cirugía | H597: Cirugía
A598: 550103 | B598: NEFROLITOTOMÍA O EXTRACCIÓN DE CALCULO O CUERPO EXTRAÑO POR NEFROTOMÍA | C598: 10 | D598: 3 | E598: CUPS | F598: Hospitalario | G598: Cirugía | H598: Cirugía
A599: 550104 | B599: DRENAJE DE COLECCIÓN RENAL POR NEFROTOMÍA + | C599: 8 | D599: 2 | E599: CUPS | F599: Hospitalario | G599: Cirugía | H599: Cirugía
A600: 550120 | B600: MARSUPIALIZACIÓN DE QUISTE RENAL POR LAPAROSCOPIA | C600: 8 | D600: 0 | E600: CUPS | F600: Hospitalario | G600: Cirugía | H600: Cirugía
A601: 550122 | B601: NEFROLITOTOMÍA O EXTRACCIÓN DE CALCULO O CUERPO EXTRAÑO POR LAPAROSCOPIA CON MANO ASISTIDA O AYUDA MANUAL | C601: 8 | D601: 0 | E601: CUPS | F601: Hospitalario | G601: Cirugía | H601: Cirugía
A602: 550200 | B602: NEFROSTOMÍA VÍA ABIERTA SOD | C602: 9 | D602: 3 | E602: CUPS | F602: Hospitalario | G602: Cirugía | H602: Cirugía
A603: 550301 | B603: EXTRACCIÓN PERCUTÁNEA [NEFROSCOPICA] DE CALCULOS EN RIÑON (NEFROSTO-LITOTOMIA) Y/O EN PELVIS RENAL (PIELOSTO-LITOTOMIA) | C603: 20 | D603: 3 | E603: CUPS | F603: Ambulatorio | G603: Procedimientos diagnósticos y terapéuticos | H603: Procedimientos diagnósticos y terapéuticos
A604: 550401 | B604: NEFROSTOMÍA PERCUTÁNEA CON LITOFRAGMENTACION Y EXTRACCIÓN ENDOSCÓPICA EN RIÑON | C604: 0 | D604: 3 | E604: CUPS | F604: Hospitalario | G604: Cirugía | H604: Cirugía
A605: 551110 | B605: EXPLORACIÓN DE PELVIS RENAL POR PIELOTOMÍA VÍA ABIERTA | C605: 11 | D605: 3 | E605: CUPS | F605: Hospitalario | G605: Cirugía | H605: Cirugía
... A634: 555700 | B634: NEFRECTOMÍA RADICAL VÍA ABIERTA | C634: 11 | D634: 3 | E634: CUPS | F634: Hospitalario | G634: Cirugía | H634: Cirugía
A635: 555721 | B635: NEFRECTOMÍA RADICAL POR LAPAROSCOPIA | C635: 0 | D635: 0 | E635: CUPS | F635: Hospitalario | G635: Cirugía | H635: Cirugía
A636: 555722 | B636: NEFRECTOMÍA RADICAL POR LAPAROSCOPIA CON MANO ASISTIDA O AYUDA MANUAL | C636: 23 | D636: 0 | E636: CUPS | F636: Hospitalario | G636: Cirugía | H636: Cirugía
A637: 555723 | B637: NEFRECTOMÍA DE DONANTE VIVO POR LAPAROSCOPIA | C637: 23 | D637: 0 | E637: CUPS | F637: Hospitalario | G637: Cirugía | H637: Cirugía
A638: 556100 | B638: AUTOTRASPLANTE RENAL SOD | C638: 0 | D638: 3 | E638: CUPS | F638: Alto costo | G638: Trasplantes | H638: Trasplantes
A639: 556101 | B639: AUTOTRASPLANTE RENAL POR VÍA ABIERTA | C639: 0 | D639: 3 | E639: CUPS | F639: Alto costo | G639: Trasplantes | H639: Trasplantes
A640: 556121 | B640: AUTOTRASPLANTE RENAL POR LAPAROSCOPIA | C640: 0 | D640: 0 | E640: CUPS | F640: Alto costo | G640: Trasplantes | H640: Trasplantes
A641: 556200 | B641: TRASPLANTE DE RIÑON DE DONANTE SOD | C641: 22 | D641: 3 | E641: CUPS | F641: Alto costo | G641: Trasplantes | H641: Trasplantes
...

Sheet CIEX
A1: Código CIE 10 (2) | B1: Código CIE 10 (4) | C1: Descripción CIE 10 | D1: CIE10 (3) | E1: Codigo CIE 9 M
A2: A000 | B2: =MID(A2,1,4) -> A000 | C2: Cólera debido a Vibrio cholerae O1, biotipo cholerae | D2: A00 | E2: 0010
A3: A001 | B3: =MID(A3,1,4) -> A001 | C3: Cólera debido a Vibrio cholerae O1, biotipo El Tor | D3: A00 | E3: 0011
A4: A009 | B4: =MID(A4,1,4) -> A009 | C4: Cólera, no especificado | D4: A00 | E4: 0019
A5: A010 | B5: =MID(A5,1,4) -> A010 | C5: Fiebre tifoidea | D5: A01 | E5: 0020
A6: A011 | B6: =MID(A6,1,4) -> A011 | C6: Fiebre paratifoidea A | D6: A01 | E6: 0021
A7: A012 | B7: =MID(A7,1,4) -> A012 | C7: Fiebre paratifoidea B | D7: A01 | E7: 0022
A8: A013 | B8: =MID(A8,1,4) -> A013 | C8: Fiebre paratifoidea C | D8: A01 | E8: 0023
A9: A014 | B9: =MID(A9,1,4) -> A014 | C9: Fiebre paratifoidea, no especificada | D9: A01 | E9: 0029
A10: A020 | B10: =MID(A10,1,4) -> A020 | C10: Enteritis debida a Salmonella | D10: A02 | E10: 0030
A11: A021 | B11: =MID(A11,1,4) -> A021 | C11: Septicemia debida a Salmonella | D11: A02 | E11: 0031
A12: A022+ | B12: =MID(A12,1,4) -> A022 | C12: Infecciones localizadas debidas a Salmonella | D12: A02 | E12: 0032
A13: A028 | B13: =MID(A13,1,4) -> A028 | C13: Otras infecciones especificadas como debidas a Salmonella | D13: A02 | E13: 0038
... A548: I888 | B548: =MID(A548,1,4) -> I888 | C548: Otras linfadenitis inespecíficas | D548: I88 | E548: 0998
A549: A270 | B549: =MID(A549,1,4) -> A270 | C549: Leptospirosis icterohemorrágica | D549: A27 | E549: 1000
A550: A278 | B550: =MID(A550,1,4) -> A278 | C550: Otras formas de leptospirosis | D550: A27 | E550: 1008
A551: A279 | B551: =MID(A551,1,4) -> A279 | C551: Leptospirosis, no especificada | D551: A27 | E551: 1009
A552: A690 | B552: =MID(A552,1,4) -> A690 | C552: Estomatitis ulcerativa necrotizante | D552: A69 | E552: 1010
A553: A691 | B553: =MID(A553,1,4) -> A691 | C553: Otras infecciones de Vincent | D553: A69 | E553: 1010
A554: A660 | B554: =MID(A554,1,4) -> A660 | C554: Lesiones iniciales de frambesia | D554: A66 | E554: 1020
A555: A661 | B555: =MID(A555,1,4) -> A661 | C555: Lesiones papilomatosas múltiples y frambesia con paso de cangrejo | D555: A66 | E555: 1021
A556: A662 | B556: =MID(A556,1,4) -> A662 | C556: Otras lesiones precoces de la piel en la frambesia | D556: A66 | E556: 1022
A557: A663 | B557: =MID(A557,1,4) -> A663 | C557: Hiperqueratosis de frambesia | D557: A66 | E557: 1023
A558: A664 | B558: =MID(A558,1,4) -> A664 | C558: Goma y úlceras de frambesia | D558: A66 | E558: 1024
A559: A665 | B559: =MID(A559,1,4) -> A665 | C559: Gangosa | D559: A66 | E559: 1025
A560: A666 | B560: =MID(A560,1,4) -> A666 | C560: Lesiones frambésicas de los huesos y de las articulaciones | D560: A66 | E560: 1026
A561: A667 | B561: =MID(A561,1,4) -> A667 | C561: Otras manifestaciones de frambesia | D561: A66 | E561: 1027
A562: A668 | B562: =MID(A562,1,4) -> A668 | C562: Frambesia latente | D562: A66 | E562: 1028
A563: A669 | B563: =MID(A563,1,4) -> A669 | C563: Frambesia, no especificada | D563: A66 | E563: 1029
A564: A670 | B564: =MID(A564,1,4) -> A670 | C564: Lesiones primarias de la pinta | D564: A67 | E564: 1030
A565: A671 | B565: =MID(A565,1,4) -> A671 | C565: Lesiones intermedias de la pinta | D565: A67 | E565: 1031
A566: A672 | B566: =MID(A566,1,4) -> A672 | C566: Lesiones tardías de la pinta | D566: A67 | E566: 1032
A567: A673 | B567: =MID(A567,1,4) -> A673 | C567: Lesiones mixtas de la pinta | D567: A67 | E567: 1033
A568: A679 | B568: =MID(A568,1,4) -> A679 | C568: Pinta, no especificada | D568: A67 | E568: 1039
A569: A65 | B569: =MID(A569,1,4) -> A65 | C569: Sífilis no venérea | D569: A65 | E569: 1040
A570: A692 | B570: =MID(A570,1,4) -> A692 | C570: Enfermedad de Lyme | D570: A69 | E570: 1048
A571: A698 | B571: =MID(A571,1,4) -> A698 | C571: Otras infecciones específicadas por espiroquetas | D571: A69 | E571: 1048
A572: A699 | B572: =MID(A572,1,4) -> A699 | C572: Infección por espiroqueta, no especificada | D572: A69 | E572: 1049
A573: B350 | B573: =MID(A573,1,4) -> B350 | C573: Tiña de la barba y del cuero cabelludo | D573: B35 | E573: 1100
A574: B351 | B574: =MID(A574,1,4) -> B351 | C574: Tiña de las uñas | D574: B35 | E574: 1101
... A595: B379 | B595: =MID(A595,1,4) -> B379 | C595: Candidiasis, no especificada | D595: B37 | E595: 1129
A596: B380 | B596: =MID(A596,1,4) -> B380 | C596: Coccidioidomicosis pulmonar aguda | D596: B38 | E596: 1140
A597: B381 | B597: =MID(A597,1,4) -> B381 | C597: Coccidioidomicosis pulmonar crónica | D597: B38 | E597: 1140
A598: B382 | B598: =MID(A598,1,4) -> B382 | C598: Coccidioidomicosis pulmonar, sin otra especificación | D598: B38 | E598: 1140
A599: B383 | B599: =MID(A599,1,4) -> B383 | C599: Coccidioidomicosis cutánea | D599: B38 | E599: 1140
A600: B387 | B600: =MID(A600,1,4) -> B387 | C600: Coccidioidomicosis diseminada | D600: B38 | E600: 1140
A601: B388 | B601: =MID(A601,1,4) -> B388 | C601: Otras formas de coccidioidomicosis | D601: B38 | E601: 1140
A602: B389 | B602: =MID(A602,1,4) -> B389 | C602: Coccidioidomicosis, no especificada | D602: B38 | E602: 1140
A603: B390 | B603: =MID(A603,1,4) -> B390 | C603: Infección pulmonar aguda debida a Histoplasma capsulatum | D603: B39 | E603: 1150
A604: B391 | B604: =MID(A604,1,4) -> B391 | C604: Infección pulmonar crónica debida a Histoplasma capsulatum | D604: B39 | E604: 1150
A605: B392 | B605: =MID(A605,1,4) -> B392 | C605: Infección pulmonar debida a Histoplasma capsulatum, sin otra especificación | D605: B39 | E605: 1150
A606: B393 | B606: =MID(A606,1,4) -> B393 | C606: Infección diseminada debida a Histoplasma capsulatum | D606: B39 | E606: 1150
A607: B394 | B607: =MID(A607,1,4) -> B394 | C607: Histoplasmosis debida a Histoplasma capsulatum, sin otra especificación | D607: B39 | E607: 1150
A608: B395 | B608: =MID(A608,1,4) -> B395 | C608: Infección debida a Histoplasma duboisii | D608: B39 | E608: 1151
A609: B399 | B609: =MID(A609,1,4) -> B399 | C609: Histoplasmosis, no especificada | D609: B39 | E609: 1159
A610: B400 | B610: =MID(A610,1,4) -> B400 | C610: Blastomicosis pulmonar aguda | D610: B40 | E610: 1160
A611: B401 | B611: =MID(A611,1,4) -> B401 | C611: Blastomicosis pulmonar crónica | D611: B40 | E611: 1160
A612: B402 | B612: =MID(A612,1,4) -> B402 | C612: Blastomicosis pulmonar, sin otra especificación | D612: B40 | E612: 1160
A613: B403 | B613: =MID(A613,1,4) -> B403 | C613: Blastomicosis cutánea | D613: B40 | E613: 1160
A614: B407 | B614: =MID(A614,1,4) -> B407 | C614: Blastomicosis diseminada | D614: B40 | E614: 1160
A615: B408 | B615: =MID(A615,1,4) -> B408 | C615: Otras formas de blastomicosis | D615: B40 | E615: 1160
A616: B409 | B616: =MID(A616,1,4) -> B409 | C616: Blastomicosis, no especificada | D616: B40 | E616: 1160
A617: B410 | B617: =MID(A617,1,4) -> B410 | C617: Paracoccidioidomicosis pulmonar | D617: B41 | E617: 1161
A618: B417 | B618: =MID(A618,1,4) -> B417 | C618: Paracoccidioidomicosis diseminada | D618: B41 | E618: 1161
A619: B418 | B619: =MID(A619,1,4) -> B418 | C619: Otras formas de paracoccidioidomicosis | D619: B41 | E619: 1161
A620: B419 | B620: =MID(A620,1,4) -> B419 | C620: Paracoccidioidomicosis, no especificada | D620: B41 | E620: 1161
A621: B480 | B621: =MID(A621,1,4) -> B480 | C621: Lobomicosis | D621: B48 | E621: 1162
A622: B420+ | B622: =MID(A622,1,4) -> B420 | C622: Esporotricosis pulmonar (J99.8*) | D622: B42 | E622: 1171
A623: B421 | B623: =MID(A623,1,4) -> B421 | C623: Esporotricosis linfocutánea | D623: B42 | E623: 1171
A624: B427 | B624: =MID(A624,1,4) -> B427 | C624: Esporotricosis diseminada | D624: B42 | E624: 1171
A625: B428 | B625: =MID(A625,1,4) -> B428 | C625: Otras formas de esporotricosis | D625: B42 | E625: 1171
A626: B429 | B626: =MID(A626,1,4) -> B429 | C626: Esporotricosis, no especificada | D626: B42 | E626: 1171
A627: B430 | B627: =MID(A627,1,4) -> B430 | C627: Cromomicosis cutánea | D627: B43 | E627: 1172
A628: B431 | B628: =MID(A628,1,4) -> B431 | C628: Absceso cerebral feomicótico | D628: B43 | E628: 1178
A629: B432 | B629: =MID(A629,1,4) -> B432 | C629: Absceso y quiste subcutáneo feomicótico | D629: B43 | E629: 1178
A630: B438 | B630: =MID(A630,1,4) -> B438 | C630: Otras formas de cromomicosis | D630: B43 | E630: 1172
A631: B439 | B631: =MID(A631,1,4) -> B439 | C631: Cromomicosis, no especificada | D631: B43 | E631: 1172
A632: B440 | B632: =MID(A632,1,4) -> B440 | C632: Aspergilosis pulmonar invasiva | D632: B44 | E632: 1173
A633: B441 | B633: =MID(A633,1,4) -> B441 | C633: Otras aspergilosis pulmonares | D633: B44 | E633: 1173
... A662: B49 | B662: =MID(A662,1,4) -> B49 | C662: Micosis, no especificada | D662: B49 | E662: 1179
A663: B650 | B663: =MID(A663,1,4) -> B650 | C663: Esquistosomiasis debida a Schistosoma haematobium [esquistosomiasis urinaria] | D663: B65 | E663: 1200
A664: B651 | B664: =MID(A664,1,4) -> B651 | C664: Esquistosomiasis debida a Schistosoma mansoni [esquistosomiasis intestinal] | D664: B65 | E664: 1201
A665: B652 | B665: =MID(A665,1,4) -> B652 | C665: Esquistosomiasis debida a Schistosoma japonicum | D665: B65 | E665: 1202
A666: B653 | B666: =MID(A666,1,4) -> B653 | C666: Dermatitis por cercarias | D666: B65 | E666: 1203
A667: B658 | B667: =MID(A667,1,4) -> B658 | C667: Otras esquistosomiasis | D667: B65 | E667: 1208
A668: B659 | B668: =MID(A668,1,4) -> B659 | C668: Esquistosomiasis, no especificada | D668: B65 | E668: 1209
A669: B660 | B669: =MID(A669,1,4) -> B660 | C669: Opistorquiasis | D669: B66 | E669: 1210
A670: B661 | B670: =MID(A670,1,4) -> B661 | C670: Clonorquiasis | D670: B66 | E670: 1211
A671: B662 | B671: =MID(A671,1,4) -> B662 | C671: Dicrocoeliasis | D671: B66 | E671: 1218
A672: B663 | B672: =MID(A672,1,4) -> B663 | C672: Fascioliasis | D672: B66 | E672: 1213
A673: B664 | B673: =MID(A673,1,4) -> B664 | C673: Paragonimiasis | D673: B66 | E673: 1212
A674: B665 | B674: =MID(A674,1,4) -> B665 | C674: Fasciolopsiasis | D674: B66 | E674: 1214
A675: B668 | B675: =MID(A675,1,4) -> B668 | C675: Otras infecciones especificadas debidas a trematodos | D675: B66 | E675: 1215
A676: B669 | B676: =MID(A676,1,4) -> B669 | C676: Infección debida a trematodos, no especificada | D676: B66 | E676: 1219
A677: B670 | B677: =MID(A677,1,4) -> B670 | C677: Infección del hígado debida a Echinococcus granulosus | D677: B67 | E677: 1220
A678: B671 | B678: =MID(A678,1,4) -> B671 | C678: Infección del pulmón debida a Echinococcus granulosus | D678: B67 | E678: 1221
A679: B672 | B679: =MID(A679,1,4) -> B672 | C679: Infección de hueso debida a Echinococcus granulosus | D679: B67 | E679: 1223
... A693: B699 | B693: =MID(A693,1,4) -> B699 | C693: Cisticercosis, no especificada | D693: B69 | E693: 1231
A694: B700 | B694: =MID(A694,1,4) -> B700 | C694: Difilobotriasis intestinal | D694: B70 | E694: 1234
A695: B701 | B695: =MID(A695,1,4) -> B701 | C695: Esparganosis | D695: B70 | E695: 1235
...

Sheet ATC7
A1: ATC1 | B1: Descripción Capítulo ATC | C1: ATC7 | D1: Descripción ATC Invima
A2: A | B2: Tracto digestivo y metabolismo | C2: A01AA01 | D2: FLUORURO DE SODIO
A3: A | B3: Tracto digestivo y metabolismo | C3: A01AA04 | D3: ESTAÑO FLUORURO
A4: A | B4: Tracto digestivo y metabolismo | C4: A01AA30 | D4: COMBINACIONES
A5: A | B5: Tracto digestivo y metabolismo | C5: A01AA51 | D5: SODIO FLUORURO COMBINACIONES
A6: A | B6: Tracto digestivo y metabolismo | C6: A01AB02 | D6: HIDROGENO PEROXIDO
A7: A | B7: Tracto digestivo y metabolismo | C7: A01AB03 | D7: CLORHEXIDINA
A8: A | B8: Tracto digestivo y metabolismo | C8: A01AB08 | D8: NEOMICINA
A9: A | B9: Tracto digestivo y metabolismo | C9: A01AB09 | D9: MICONAZOL
A10: A | B10: Tracto digestivo y metabolismo | C10: A01AB11 | D10: VARIOS
A11: A | B11: Tracto digestivo y metabolismo | C11: A01AB13 | D11: TETRACICLINA
A12: A | B12: Tracto digestivo y metabolismo | C12: A01AB17 | D12: METRONIDAZOL
... A1575: V | B1575: Varios | C1575: V10XX02 | D1575: IBRITUMOMAB TIUXETAM

Sheet Categorias servicios y unidades
A1: Código ambito | B1: Ambito | C1: Código tipo de servicio | D1: Tipo de servicio | E1: Unidad de observación | F1: Incluye
A2: AC | B2: Alto costo | C2: QXAC | D2: Cirugías alto costo | E2: Paciente-evento | F2: Procedimientos sistema nervioso central incluye UCI
F3: Procedimientos cardiovasculares incluye UCI
F4: Trasplantes (riñón, hígado, corazón, pulmón)
F5: Otros trasplantes (corneas)
F6: Reemplazo articular incluye UCI
F7: Cirugía para corrección de malformaciones congénitas incluye UCI
C8: RXQX | D8: Radio y quimioterapia (excluye quimio y radioterapia intrahospitalaria) | E8: Paciente-mes | F8: Radio y quimioterapia (excluye quimio y radioterapia intrahospitalaria)
C9: DXHX | D9: Diálisis y hemodiálisis (excluye diálisis intrahospitalaria) | F9: Diálisis y hemodiálisis (excluye diálisis intrahospitalaria)
C10: UCIH | D10: UCI | E10: Paciente-evento | F10: Gran quemado incluye UCI
F11: UCI (adultos o neonatal) no incluidas en otras categorías de alto costo e incluye trauma mayor
A12: HO | B12: Hospitalario | C12: AOBS | D12: Atención obstétrica sin UCI | E12: Paciente-evento | F12: Atención obstétrica sin UCI
C13: QXHA | D13: Cirugía (con o sin hospitalización (procedimientos qx nivel 2 en adelante) | F13: Cirugía (con o sin hospitalización (procedimientos qx nivel 2 en adelante)
C14: HXMD | D14: Hospitalización médica (sin procedimientos qx del nivel 2 en adelante) | F14: Hospitalización médica (sin procedimientos qx del nivel 2 en adelante) | J14: Alto costo
C15: MTOH | D15: Medicamentos H | F15: Medicamentos hospitalarios
C16: DISH | D16: Dispositivos médicos H | F16: Protesis
F17: Dispositivos implantables invasivos
F18: Ortesis
F19: Otros hospitalarios
A20: AM | B20: Ambulatorio | C20: CMDG | D20: Consulta médica electiva | E20: Consulta | F20: Consulta MD General
C21: CMDE | F21: Consulta especializada
C22: CPMD | D22: Consulta paramédica electiva | F22: Consulta Paramédica
C23: IMA | D23: Imágenes | E23: Examen | F23: Imágenes simples
F24: Imágenes especializadas | J24: Hospitalario
C25: LACL | D25: Laboratorio | F25: Laboratorio clínico simple
F26: Laboratorio clínico especilializado
C27: PQIL | D27: Paquetes integrales (por Dx ejemplo EPOC, VIH) | E27: Paciente-mes | F27: Paquetes integrales de atencion excluye alto costo
C28: PYP1 | D28: Prevención y promoción | E28: Paciente-día | F28: Prevención y promoción
C29: PDXT | D29: Procedimientos diagnósticos y terapéuticos | F29: Procedimientos diagnósticos y terapéuticos
C30: ODON | D30: Servicios odontológicos | F30: Servicios odontológicos
C31: TXAM | D31: Terapias | E31: Sesiones | F31: Terapias
C32: TRAN | D32: Transporte | E32: Paciente-día | F32: Transporte | J32: Ambulatorio
C33: MTOA | D33: Medicamentos A | E33: Fórmula/día | F33: Medicamentos ambulatorios
C34: DISA | D34: Dispositivos médicos A | E34: Fórmula/día | F34: Protesis A
F35: Ortesis A
F36: Lentes
F37: Otros dispositivos ambulatorios
A38: AD | B38: Atención domicilaria | C38: CDOM | D38: Consulta domiciliaria | E38: Consulta | F38: Consulta domiciliaria
C39: HDOM | D39: Hospitalización en casa | E39: Paciente-evento | F39: Hospitalización en casa
C40: OXIG | D40: Oxígeno | E40: Paciente-mes | F40: Oxígeno
A41: UR | B41: Urgencias | C41: URGE | D41: Urgencias | E41: Paciente-día-prestador | F41: Urgencias
J50: Atención domicilaria
J53: Urgencias
